Map: [ESL] Solaris

Players

Rob

  • Race: Protoss Protoss
  • Spawn Location: 1:00

Cham - Winner!

  • Race: Zerg Zerg
  • Spawn Location: 7:00

Event: ESL SC2 Masters 2023 Winter (Finals)

VOD

Have the link to the VOD?

Description

Time

  • Played on: Dec. 15, 2023, 5:18 p.m.
  • Length: 10:46

All games in this series

Show
View Real Time Build Order
Export as new Build Order

Rob Protoss 

Build Orders: 1 Gate Expand, Oracle Opening 

Get SALT Encoding   

  12  0:00  Probe  
  13  0:12  Probe  
  14  0:25  Pylon, Probe  
  15  0:43  Gateway  
  15  0:45  Probe (Chrono Boost)  
  16  0:50  Probe (Chrono Boost)  
  16  0:52  Assimilator  
  17  0:59  Probe  
  18  1:11  Probe  
  19  1:23  Probe  
  20  1:30  Nexus  
  20  1:33  Cybernetics Core  
  20  1:36  Probe (Chrono Boost)  
  21  1:44  Assimilator  
  21  1:48  Probe (Chrono Boost)  
  21  1:53  Pylon  
  22  1:55  Probe (Chrono Boost)  
  23  2:09  Adept (Chrono Boost)  
  23  2:11  Probe  
  26  2:23  Probe  
  26  2:26  Stargate  
  27  2:33  Adept  
  30  2:38  Probe (Chrono Boost)  
  30  2:40  Warp Gate  
  30  2:42  Probe (Chrono Boost)  
  33  2:51  Probe (Chrono Boost)  
  33  2:52  Probe (Chrono Boost)  
  33  2:56  Probe (Chrono Boost)  
  33  2:59  Probe  
  33  3:03  Adept  
  37  3:08  Oracle (Chrono Boost), Probe  
  37  3:12  Probe  
  42  3:24  Probe x2  
  44  3:36  Probe  
  45  3:43  Pylon  
  45  3:44  Nexus  
  45  3:47  Probe  
  46  3:52  Gateway  
  46  3:58  Oracle (Chrono Boost)  
  46  4:01  Probe x2  
  51  4:10  Assimilator  
  51  4:11  Assimilator  
  51  4:13  Twilight Council, Probe  
  51  4:14  Forge  
  51  4:15  Probe  
  53  4:25  Probe  
  53  4:31  Pylon  
  54  4:40  Gateway x2  
  54  4:43  Gateway  
  54  4:46  Protoss Ground Weapons Level 1 (Chrono Boost)  
  54  4:47  Blink (Chrono Boost)  
  54  4:48  Pylon  
  54  4:51  Probe x2 (Chrono Boost)  
  56  4:58  Probe (Chrono Boost)  
  56  4:59  Probe (Chrono Boost)  
  58  5:01  Oracle  
  58  5:04  Sentry  
  58  5:05  Zealot, Probe (Chrono Boost)  
  67  5:07  Probe (Chrono Boost)  
  67  5:09  Probe (Chrono Boost)  
  67  5:10  Probe (Chrono Boost)  
  67  5:11  Shield Battery  
  69  5:15  Probe  
  70  5:22  Probe  
  70  5:25  Probe  
  70  5:27  Sentry, Probe  
  70  5:28  Stalker  
  77  5:34  Probe  
  78  5:37  Probe  
  78  5:38  Gateway  
  78  5:39  Gateway, Probe  
  80  5:46  Probe  
  80  5:49  Probe  
  82  5:50  Stalker  
  82  5:51  Probe  
  82  5:52  Pylon  
  82  5:55  Pylon  
  85  6:02  Pylon  
  85  6:05  Pylon  
  85  6:08  Pylon  
  83  6:14  Adept x2  
  83  6:15  Stalker x3  
  81  6:35  Stalker x3  
  81  6:36  Stalker  
  81  6:38  Oracle (Chrono Boost), Stalker  
  81  6:39  Stalker x2  
  98  6:45  Pylon x2  
  98  6:51  Gateway  
  98  6:54  Gateway  
  98  6:59  Stalker x4  
  106  7:02  Stalker x2  
  106  7:04  Stalker  
  106  7:07  Protoss Ground Weapons Level 2 (Chrono Boost)  
  112  7:10  Probe x3  
  115  7:21  Pylon  
  115  7:22  Photon Cannon  
  115  7:25  Stalker x3  
  109  7:49  Stalker x5  
  119  8:04  Nexus  
  117  8:10  Stalker x4  
  125  8:15  Stalker x2  
  125  8:16  Zealot x3  
  125  8:18  Assimilator  
  135  8:20  Assimilator  
  135  8:21  Pylon  
  135  8:22  Pylon  
  135  8:34  Zealot x3  
  141  8:42  Stalker x6  
  136  8:56  Pylon  
  136  9:01  Nexus, Stalker x3  
  137  9:22  Stalker x3  
  129  9:35  Zealot x6  
  123  9:49  Dark Shrine  
  123  9:53  Stalker x3  
  123  9:56  Stalker x5  
  123  9:58  Zealot  
  141  10:20  Nexus, Stalker x4  
  144  10:34  Sentry, Zealot x3  
  144  10:35  Zealot  
Show
View Real Time Build Order
Export as new Build Order

Cham Zerg - Winner!

Build Orders: Hatch First 

Get SALT Encoding   

  12  0:00  Drone  
  13  0:11  Overlord  
  13  0:16  Drone  
  14  0:30  Drone x2  
  16  0:47  Hatchery  
  15  0:51  Drone  
  15  0:54  Drone  
  17  1:08  Spawning Pool  
  16  1:12  Extractor, Drone  
  16  1:16  Drone  
  17  1:19  Drone  
  18  1:27  Drone  
  19  1:37  Drone  
  20  1:49  Drone  
  21  1:59  Queen x2  
  21  2:00  Drone, Overlord  
  26  2:11  Drone x2  
  28  2:23  Hatchery  
  28  2:27  Zergling x2  
  28  2:31  Overlord  
  28  2:33  Zergling x2  
  29  2:39  Queen  
  29  2:42  Drone  
  32  2:45  Drone  
  32  2:48  Overlord  
  33  2:55  Drone  
  33  2:57  Queen  
  36  3:03  Metabolic Boost  
  36  3:05  Drone  
  37  3:10  Drone x3  
  40  3:13  Drone  
  40  3:16  Drone x2  
  43  3:24  Queen  
  45  3:28  Overlord  
  45  3:31  Drone  
  45  3:34  Drone  
  47  3:36  Queen  
  47  3:40  Drone  
  47  3:41  Spore Crawler  
  49  3:43  Spore Crawler  
  49  3:46  Drone x2  
  49  3:48  Drone  
  51  3:53  Drone x3  
  54  3:58  Overlord  
  54  4:00  Drone  
  55  4:07  Drone x2  
  55  4:08  Drone x4  
  61  4:11  Spore Crawler  
  61  4:12  Drone  
  61  4:16  Drone x2  
  63  4:20  Drone  
  63  4:21  Drone  
  63  4:22  Overlord  
  65  4:27  Roach Warren  
  65  4:28  Drone x2  
  66  4:33  Extractor, Lair  
  66  4:36  Drone x2  
  67  4:40  Drone x2, Evolution Chamber  
  67  4:44  Drone  
  67  4:45  Overlord  
  69  4:49  Extractor x2  
  66  4:55  Drone x2  
  66  4:57  Drone  
  66  4:58  Drone  
  66  4:59  Drone x2  
  72  5:02  Drone x2, Hatchery  
  72  5:04  Zergling x4  
  72  5:06  Zerg Melee Weapons Level 1  
  75  5:08  Zergling x2  
  75  5:09  Zergling x4  
  78  5:18  Drone  
  78  5:19  Zergling x12  
  84  5:23  Drone  
  84  5:24  Zergling x4  
  84  5:26  Overlord  
  86  5:31  Drone  
  86  5:32  Glial Reconstitution  
  86  5:33  Baneling Nest  
  86  5:34  Zergling x6  
  89  5:42  Overlord  
  89  5:44  Overlord  
  89  5:46  Drone  
  90  5:52  Drone, Hatchery  
  90  5:53  Drone x6  
  90  5:55  Roach  
  98  5:59  Overlord x2  
  98  6:04  Roach x2, Overlord  
  100  6:14  Drone x3  
  100  6:18  Drone x3  
  104  6:19  Spore Crawler  
  104  6:24  Drone x5, Roach  
  106  6:26  Overlord  
  106  6:30  Drone x2, Roach x2  
  108  6:36  Roach x2  
  108  6:37  Roach, Centrifugal Hooks  
  113  6:41  Overlord  
  113  6:43  Drone  
  114  6:49  Roach x3  
  114  6:50  Zergling x4, Roach  
  114  6:52  Zergling x2  
  125  6:57  Roach x4  
  125  6:58  Roach, Overlord x2  
  125  7:00  Spore Crawler  
  134  7:02  Roach  
  134  7:04  Overseer, Roach  
  134  7:08  Roach x2  
  142  7:09  Zergling x2  
  142  7:13  Zergling x8  
  147  7:15  Ravager x2  
  147  7:16  Ravager  
  147  7:17  Zergling x6  
  147  7:18  Zergling x6  
  147  7:22  Zerg Melee Weapons Level 2  
  156  7:28  Zergling x2  
  156  7:29  Zergling x18  
  166  7:32  Zergling x2  
  167  7:39  Drone  
  167  7:40  Hatchery  
  167  7:41  Zergling x18  
  175  7:48  Zergling x2  
  175  7:49  Zergling x2  
  173  7:52  Zergling x4  
  173  7:55  Zergling x2  
  173  7:56  Zergling x4  
  174  8:00  Zergling x4  
  174  8:01  Zergling x2  
  174  8:03  Overlord x3  
  176  8:07  Infestation Pit  
  176  8:11  Zergling x2  
  176  8:12  Zergling x14  
  176  8:15  Hatchery  
  176  8:16  Overlord  
  176  8:17  Drone  
  176  8:19  Overlord  
  176  8:23  Overlord x2  
  176  8:25  Baneling x7  
  176  8:26  Baneling x8  
  174  8:30  Drone x2  
  174  8:31  Zergling x6  
  174  8:33  Zergling x6  
  179  8:36  Zergling x2  
  179  8:40  Zergling x2  
  179  8:41  Zergling x10  
  167  8:43  Baneling  
  167  8:44  Baneling x5  
  167  8:45  Zergling x2  
  167  8:46  Zergling x2  
  167  8:47  Zergling x2  
  167  8:48  Zergling x2  
  162  8:50  Zergling x4  
  162  8:51  Zergling x2  
  162  8:55  Zergling x10  
  162  8:57  Zergling x2  
  162  9:01  Zergling x4, Drone  
  168  9:02  Zergling x2  
  168  9:03  Ravager  
  168  9:05  Baneling x5  
  168  9:06  Baneling x3  
  168  9:07  Zergling x6  
  168  9:09  Zergling x4  
  174  9:15  Zergling x14  
  178  9:20  Zergling x8  
  169  9:26  Zergling x8  
  169  9:30  Zergling x8  
  160  9:32  Zergling x2  
  160  9:33  Zergling x6  
  160  9:36  Zergling x8  
  160  9:37  Zergling x2  
  161  9:41  Zergling x4  
  161  9:42  Zergling x2  
  161  9:44  Roach x2  
  161  9:46  Baneling x3  
  161  9:47  Baneling x14  
  161  9:48  Zergling x4, Roach x2  
  161  9:50  Zergling x2  
  161  9:51  Zergling x4  
  170  9:57  Roach  
  170  9:58  Roach x2  
  176  10:00  Roach  
  176  10:01  Baneling x13  
  176  10:05  Roach  
  176  10:06  Zergling x10, Roach x2  
  176  10:07  Zergling x4  
  191  10:11  Baneling x5  
  191  10:13  Zergling x12  
  196  10:19  Zergling x8  
  200  10:27  Zergling x4  
  200  10:28  Zergling x6  
Tags
 
Add a new tag
Caveats
  • Supply blocks, unpowered buildings, or Contaminate may cause inaccurate times.
  • Supply counts are checked every 10 seconds.